| TOP OF THE 1ST |
|
Bend Bandits batting - Pitching for Bellingham Mariners : RHP Mark Fellows
|
|
Pitching: RHP Mark Fellows
|
|
|
Batting: RHB Elijah Ben
|
0-0: Ball 1-0: DOUBLE (Line Drive, 89XD, EV 112.5 MPH)
|
|
Batting: RHB Phil Smith
|
0-0: Ball 1-0: Ball 2-0: Ball 3-0: Base on Balls
|
|
Batting: LHB Jim Riggs
|
0-0: Called Strike 0-1: Ball 1-1: Called Strike 1-2: Ball 2-2: Ball 3-2: Foul Ball, location: 2F 3-2: Fly out, F7 (Flyball, 7D, EV 90.6 MPH) Runner from 2nd tags up, SAFE at 3rd with throw by LF
|
|
Batting: RHB Jeff Doerr
|
0-0: Ball 1-0: Ball 2-0: Fly out, F7 (Flyball, 7D, EV 100.0 MPH) Runner from 3rd tags up, SCORES, no throw by LF
|
|
Batting: RHB Kevin Romine
|
0-0: Ball 1-0: Called Strike 1-1: Fly out, F8 (Flyball, 89D, EV 96.9 MPH)
|
| Top of the 1st over - 1 run, 1 hit, 0 errors, 1 left on base; Bend 1 - Bellingham 0 |
| BOTTOM OF THE 1ST |
|
Bellingham Mariners batting - Pitching for Bend Bandits : RHP Ignacio Sola
|
|
Pitching: RHP Ignacio Sola
|
|
|
Batting: LHB Dan O'Regan
|
0-0: Ball 1-0: Ground out U3 (Groundball, 34S, EV 83.8 MPH)
|
|
Batting: RHB Norm Carrasco
|
0-0: Called Strike 0-1: Ball 1-1: Ball 2-1: Ball 3-1: Swinging Strike 3-2: Strikes out swinging
|
|
Batting: RHB Juan Delgado
|
0-0: Called Strike 0-1: Ball 1-1: Ball 2-1: Fly out, F7 (Flyball, 7LS, EV 90.6 MPH)
|
| Bottom of the 1st over - 0 runs, 0 hits, 0 errors, 0 left on base; Bend 1 - Bellingham 0 |
| TOP OF THE 2ND |
|
Bend Bandits batting - Pitching for Bellingham Mariners : RHP Mark Fellows
|
|
Batting: RHB Greg Olson
|
0-0: Ball 1-0: Ball 2-0: Foul Ball, location: 2F 2-1: Ball 3-1: Base on Balls
|
|
Batting: RHB Ronald Harper
|
0-0: Called Strike 0-1: Foul Ball, location: 2F 0-2: Strikes out swinging
|
|
Batting: RHB Trajano Estrela
|
0-0: Foul Ball, location: 2F 0-1: Ball 1-1: Called Strike 1-2: Strikes out looking
|
|
Batting: RHB Jeffrey Ulrich
|
0-0: Fielders Choice at 2nd, 6-4 (Groundball, 6, EV 84.4 MPH)
|
| Top of the 2nd over - 0 runs, 0 hits, 0 errors, 1 left on base; Bend 1 - Bellingham 0 |
| BOTTOM OF THE 2ND |
|
Bellingham Mariners batting - Pitching for Bend Bandits : RHP Ignacio Sola
|
|
Batting: SHB Paul Felix
|
0-0: SOLO HOME RUN (Line Drive, 78XD, EV 97.5 MPH), Distance : 399 ft
|
|
Batting: LHB Daniel Stryffeler
|
0-0: Ball 1-0: Called Strike 1-1: Called Strike 1-2: Ball 2-2: Strikes out swinging
|
|
Batting: RHB Elza Nevoeiro
|
0-0: Ball 1-0: Fly out, F7 (Flyball, 7D, EV 98.8 MPH)
|
|
Batting: RHB Hector Rivera
|
0-0: Fly out, F9 (Line Drive, 9, EV 105.0 MPH)
|
| Bottom of the 2nd over - 1 run, 1 hit, 0 errors, 0 left on base; Bend 1 - Bellingham 1 |
| TOP OF THE 3RD |
|
Bend Bandits batting - Pitching for Bellingham Mariners : RHP Mark Fellows
|
|
Batting: RHB Elijah Ben
|
0-0: Ball 1-0: Foul Ball, location: 2F 1-1: Ball 2-1: Swinging Strike 2-2: Ball 3-2: Ground out 4-3 (Groundball, 4, EV 105.6 MPH)
|
|
Batting: RHB Phil Smith
|
0-0: Called Strike 0-1: Foul Ball, location: 2F 0-2: Ball 1-2: Ground out 6-3 (Groundball, 6, EV 83.8 MPH)
|
|
Batting: LHB Jim Riggs
|
0-0: Ball 1-0: Ball 2-0: Fly out, F5 (Popup, 25, EV 82.5 MPH)
|
| Top of the 3rd over - 0 runs, 0 hits, 0 errors, 0 left on base; Bend 1 - Bellingham 1 |
| BOTTOM OF THE 3RD |
|
Bellingham Mariners batting - Pitching for Bend Bandits : RHP Ignacio Sola
|
|
Batting: RHB Werner Lajszky
|
0-0: Called Strike 0-1: Ball 1-1: Ball 2-1: Foul Ball, location: 2F 2-2: Foul Ball, location: 2F 2-2: Ball 3-2: Base on Balls
|
|
Batting: RHB Barry Cheesman
|
0-0: Called Strike 0-1: Ball 1-1: Foul Ball, location: 2F 1-2: Foul Ball, location: 2F 1-2: Foul Ball, location: 2F 1-2: Strikes out swinging
|
|
Batting: LHB Dan O'Regan
|
0-0: Ball 1-0: Called Strike 1-1: Ball 2-1: Foul Ball, location: 2F 2-2: Ball 3-2: Foul Ball, location: 2F 3-2: Foul Ball, location: 2F 3-2: Base on Balls Werner Lajszky to second
|
|
Batting: RHB Norm Carrasco
|
0-0: Swinging Strike 0-1: Swinging Strike 0-2: Ball 1-2: Strikes out swinging
|
|
Batting: RHB Juan Delgado
|
0-0: Called Strike 0-1: Ball 1-1: Ball 2-1: Ball 3-1: Fly out, F3 (Line Drive, 3, EV 71.9 MPH)
|
| Bottom of the 3rd over - 0 runs, 0 hits, 0 errors, 2 left on base; Bend 1 - Bellingham 1 |
| TOP OF THE 4TH |
|
Bend Bandits batting - Pitching for Bellingham Mariners : RHP Mark Fellows
|
|
Batting: RHB Jeff Doerr
|
0-0: Ball 1-0: Ball 2-0: Swinging Strike 2-1: Ground out 4-3 (Groundball, 4, EV 83.8 MPH)
|
|
Batting: RHB Kevin Romine
|
0-0: Ball 1-0: Swinging Strike 1-1: SINGLE (Line Drive, 56D, EV 98.1 MPH)
|
|
Batting: RHB Greg Olson
|
0-0: Ball 1-0: Called Strike 1-1: SINGLE (Line Drive, 6MD, EV 97.5 MPH) Kevin Romine to second
|
|
Batting: RHB Ronald Harper
|
0-0: Foul Ball, location: 2F 0-1: Ball 1-1: Ball 2-1: Ball 3-1: Base on Balls Kevin Romine to third Greg Olson to second
|
|
Batting: RHB Trajano Estrela
|
0-0: Called Strike 0-1: Grounds into double play, 6-4-3 (Groundball, 6, EV 105.0 MPH)
|
| Top of the 4th over - 0 runs, 2 hits, 0 errors, 2 left on base; Bend 1 - Bellingham 1 |
| BOTTOM OF THE 4TH |
|
Bellingham Mariners batting - Pitching for Bend Bandits : RHP Ignacio Sola
|
|
Batting: SHB Paul Felix
|
0-0: Foul Ball, location: 2F 0-1: Ball 1-1: Ball 2-1: SOLO HOME RUN (Flyball, 89XD, EV 100.0 MPH), Distance : 388 ft
|
|
Batting: LHB Daniel Stryffeler
|
0-0: Ball 1-0: Ball 2-0: Foul Ball, location: 2F 2-1: Ball 3-1: Called Strike 3-2: Fly out, F9 (Flyball, 9S, EV 91.3 MPH)
|
|
Batting: RHB Elza Nevoeiro
|
0-0: Called Strike 0-1: Foul Ball, location: 2F 0-2: Strikes out swinging
|
|
Batting: RHB Hector Rivera
|
0-0: Swinging Strike 0-1: SINGLE (Groundball, 34D, EV 103.8 MPH)
|
|
Batting: RHB Werner Lajszky
|
0-0: Ball 1-0: Ball 2-0: Foul Ball, location: 2F 2-1: Foul Ball, location: 2F 2-2: Ball 3-2: Base on Balls Hector Rivera to second
|
|
Batting: RHB Barry Cheesman
|
0-0: Called Strike 0-1: Foul Ball, location: 2F 0-2: Ball 1-2: Ball 2-2: Ground out 1-3 (Groundball, P, EV 68.8 MPH)
|
| Bottom of the 4th over - 1 run, 2 hits, 0 errors, 2 left on base; Bend 1 - Bellingham 2 |
| TOP OF THE 5TH |
|
Bend Bandits batting - Pitching for Bellingham Mariners : RHP Mark Fellows
|
|
Batting: RHB Jeffrey Ulrich
|
0-0: Fly out, F7 (Flyball, 78D, EV 94.4 MPH)
|
|
Batting: RHB Elijah Ben
|
0-0: Ground out 5-3 (Groundball, 56S, EV 82.5 MPH)
|
|
Batting: RHB Phil Smith
|
0-0: Ball 1-0: Foul Ball, location: 2F 1-1: Ball 2-1: Foul Ball, location: 2F 2-2: Ball 3-2: SINGLE (Groundball, 4MD, EV 98.1 MPH)
|
|
Batting: LHB Jim Riggs
|
0-0: Called Strike 0-1: Foul Ball, location: 2F 0-2: Ball 1-2: Ball Phil Smith steals 2nd base 2-2: Foul Ball, location: 2F 2-2: Foul Ball, location: 2F 2-2: Fly out, F4 (Popup, 34S, EV 81.9 MPH)
|
| Top of the 5th over - 0 runs, 1 hit, 0 errors, 1 left on base; Bend 1 - Bellingham 2 |
| BOTTOM OF THE 5TH |
|
Bellingham Mariners batting - Pitching for Bend Bandits : RHP Ignacio Sola
|
|
Batting: LHB Dan O'Regan
|
0-0: Ball 1-0: Foul Ball, location: 2F 1-1: Swinging Strike 1-2: Strikes out swinging
|
|
Batting: RHB Norm Carrasco
|
0-0: Ball 1-0: SINGLE (Groundball, 4S, EV 67.5 MPH) (infield hit)
|
|
Batting: RHB Juan Delgado
|
0-0: Called Strike 0-1: Fielders Choice at 2nd, 3-6 (Groundball, 3, EV 85.6 MPH)
|
|
Batting: SHB Paul Felix
|
0-0: Ball 1-0: Called Strike 1-1: Called Strike 1-2: Ball 2-2: Ball 3-2: Base on Balls Juan Delgado to second
|
|
Batting: LHB Daniel Stryffeler
|
0-0: Ball 1-0: SINGLE (Groundball, 34D, EV 100.0 MPH) Juan Delgado to third Paul Felix to second Runner from 3rd tries for Home, SAFE, throw by RF to home
|
|
Batting: RHB Elza Nevoeiro
|
0-0: Fielders Choice at 2nd, U4 (Groundball, 4M, EV 103.8 MPH)
|
| Bottom of the 5th over - 1 run, 2 hits, 0 errors, 2 left on base; Bend 1 - Bellingham 3 |
| TOP OF THE 6TH |
|
Bend Bandits batting - Pitching for Bellingham Mariners : RHP Mark Fellows
|
|
Pitching: RHP James Wheeler
|
|
|
Batting: RHB Jeff Doerr
|
0-0: SOLO HOME RUN (Flyball, 7LD, EV 111.9 MPH), Distance : 343 ft
|
|
Batting: RHB Kevin Romine
|
0-0: Swinging Strike 0-1: Ball 1-1: Called Strike 1-2: Ball 2-2: Foul Ball, location: 2F 2-2: Fly out, F8 (Flyball, 78M, EV 77.5 MPH)
|
|
Batting: RHB Greg Olson
|
0-0: Ball 1-0: Foul Ball, location: 2F 1-1: Ball 2-1: Fly out, F7 (Flyball, 7, EV 94.4 MPH)
|
|
Batting: RHB Ronald Harper
|
0-0: Called Strike 0-1: Ball 1-1: Ball 2-1: Ball 3-1: Base on Balls
|
|
Batting: RHB Trajano Estrela
|
0-0: Ball 1-0: Ball 2-0: Ball Ronald Harper steals 2nd base (no throw) 3-0: Called Strike 3-1: Called Strike 3-2: Ground out 5-3 (Groundball, 56, EV 95.6 MPH)
|
| Top of the 6th over - 1 run, 1 hit, 0 errors, 1 left on base; Bend 2 - Bellingham 3 |
| BOTTOM OF THE 6TH |
|
Bellingham Mariners batting - Pitching for Bend Bandits : RHP Ignacio Sola
|
|
Batting: RHB Hector Rivera
|
0-0: Ball 1-0: Swinging Strike 1-1: Ball 2-1: Swinging Strike 2-2: Ball 3-2: Fly out, F8 (Flyball, 89M, EV 89.4 MPH)
|
|
Batting: RHB Werner Lajszky
|
0-0: Ground out 6-3 (Groundball, 6, EV 110.0 MPH)
|
|
Batting: RHB Barry Cheesman
|
0-0: Ball 1-0: Ball 2-0: Fly out, F8 (Line Drive, 8RM, EV 92.5 MPH)
|
| Bottom of the 6th over - 0 runs, 0 hits, 0 errors, 0 left on base; Bend 2 - Bellingham 3 |
| TOP OF THE 7TH |
|
Bend Bandits batting - Pitching for Bellingham Mariners : RHP James Wheeler
|
|
Batting: RHB Jeffrey Ulrich
|
0-0: Called Strike 0-1: Ground out 4-3 (Groundball, 4MD, EV 106.3 MPH)
|
|
Pitching: LHP Mark Blumenschein
|
|
|
Batting: RHB Elijah Ben
|
0-0: Ball 1-0: Ball 2-0: Ball 3-0: Base on Balls
|
|
Batting: RHB Phil Smith
|
0-0: Ball 1-0: Called Strike 1-1: Swinging Strike 1-2: SINGLE (Groundball, 56D, EV 95.0 MPH) Elijah Ben to second Elijah Ben to third
|
|
Pinch Hitting: RHB Joe Stalp
|
0-0: Ball 1-0: Ball 2-0: Foul Ball, location: 2F 2-1: DOUBLE (Line Drive, 9LS, EV 101.3 MPH) Elijah Ben scores Phil Smith to third Runner from 3rd tries for Home, throw by RF and OUT! 9-4-2 Joe Stalp to third
|
|
Batting: RHB Jeff Doerr
|
0-0: Ball 1-0: Ball 2-0: Called Strike 2-1: Ball 3-1: Base on Balls
|
|
Batting: RHB Kevin Romine
|
0-0: Called Strike 0-1: Ball Passed Ball! Joe Stalp scores Jeff Doerr to second 1-1: SINGLE (Groundball, 6MD, EV 101.9 MPH) Jeff Doerr to third Runner from 3rd tries for Home, SAFE, throw by CF to home Kevin Romine to second
|
|
Pitching: RHP Jay Samuel
|
|
|
Batting: RHB Greg Olson
|
0-0: Called Strike 0-1: Ball 1-1: Ball 2-1: Ground out 5-3 (Groundball, 5L, EV 91.3 MPH)
|
| Top of the 7th over - 3 runs, 3 hits, 0 errors, 1 left on base; Bend 5 - Bellingham 3 |
| BOTTOM OF THE 7TH |
|
Bellingham Mariners batting - Pitching for Bend Bandits : RHP Ignacio Sola
|
|
Now at 3B: Mark Frishman
|
|
|
Batting: LHB Dan O'Regan
|
0-0: Called Strike 0-1: Ball 1-1: Swinging Strike 1-2: Strikes out swinging, 2-3 out at first.
|
|
Batting: RHB Norm Carrasco
|
0-0: Foul Ball, location: 2F 0-1: Called Strike 0-2: Ball 1-2: DOUBLE (Line Drive, 9LM, EV 98.1 MPH)
|
|
Batting: RHB Juan Delgado
|
0-0: Ball 1-0: Called Strike 1-1: Ball 2-1: Foul Ball, location: 2F 2-2: DOUBLE (Line Drive, 7LM, EV 105.6 MPH) Norm Carrasco scores
|
|
Batting: SHB Paul Felix
|
0-0: Ball 1-0: Ball 2-0: Ball 3-0: Base on Balls
|
|
Pitching: LHP James Canavan
|
|
|
Batting: LHB Daniel Stryffeler
|
0-0: Ball 1-0: Foul Ball, location: 2F 1-1: DOUBLE (Line Drive, 7LS, EV 94.4 MPH) Juan Delgado scores Paul Felix to third
|
|
Batting: RHB Elza Nevoeiro
|
0-0: SINGLE (Groundball, 34D, EV 94.4 MPH) Paul Felix scores Daniel Stryffeler to third Runner from 3rd tries for Home, SAFE, throw by RF to home
|
|
Batting: RHB Hector Rivera
|
0-0: 2-RUN HOME RUN (Flyball, 9LD, EV 113.8 MPH), Distance : 370 ft
|
|
Pitching: RHP Donald Hughes
|
|
|
Batting: RHB Werner Lajszky
|
0-0: SINGLE (Line Drive, 4D, EV 100.0 MPH)
|
|
Batting: RHB Barry Cheesman
|
0-0: Called Strike Werner Lajszky steals 2nd base 0-1: Ball 1-1: Ball 2-1: Foul Ball, location: 2F 2-2: Strikes out swinging
|
|
Batting: LHB Dan O'Regan
|
0-0: Swinging Strike 0-1: Foul Ball, location: 2F 0-2: Ball 1-2: Foul Ball, location: 2F 1-2: Fly out, F8 (Flyball, 8LXD, EV 98.8 MPH)
|
| Bottom of the 7th over - 6 runs, 6 hits, 0 errors, 1 left on base; Bend 5 - Bellingham 9 |
| TOP OF THE 8TH |
|
Bend Bandits batting - Pitching for Bellingham Mariners : RHP Jay Samuel
|
|
Batting: RHB Ronald Harper
|
0-0: Ball 1-0: Ball 2-0: Foul Ball, location: 2F 2-1: Ball 3-1: Base on Balls
|
|
Batting: RHB Trajano Estrela
|
0-0: Ball 1-0: Called Strike 1-1: Foul Ball, location: 2F 1-2: Strikes out swinging
|
|
Batting: RHB Jeffrey Ulrich
|
0-0: Called Strike 0-1: Fly out, F8 (Flyball, 8RS, EV 92.5 MPH)
|
|
Batting: RHB Elijah Ben
|
0-0: Called Strike 0-1: Fielders Choice at 2nd, 5-4 (Groundball, 56, EV 82.5 MPH)
|
| Top of the 8th over - 0 runs, 0 hits, 0 errors, 1 left on base; Bend 5 - Bellingham 9 |
| BOTTOM OF THE 8TH |
|
Bellingham Mariners batting - Pitching for Bend Bandits : RHP Donald Hughes
|
|
Batting: RHB Norm Carrasco
|
0-0: Foul Ball, location: 2F 0-1: Ball 1-1: Ball 2-1: Swinging Strike 2-2: Ball 3-2: Foul Ball, location: 2F 3-2: Foul Ball, location: 2F 3-2: Strikes out swinging
|
|
Batting: RHB Juan Delgado
|
0-0: Ground out 4-3 (Groundball, 4S, EV 93.8 MPH)
|
|
Batting: SHB Paul Felix
|
0-0: Called Strike 0-1: Fly out, F9 (Flyball, 89M, EV 78.1 MPH)
|
| Bottom of the 8th over - 0 runs, 0 hits, 0 errors, 0 left on base; Bend 5 - Bellingham 9 |
| TOP OF THE 9TH |
|
Bend Bandits batting - Pitching for Bellingham Mariners : RHP Jay Samuel
|
|
Batting: RHB Phil Smith
|
0-0: Ball 1-0: Foul Ball, location: 2F 1-1: Ground out 5-3 (Groundball, 5, EV 77.5 MPH)
|
|
Batting: RHB Mark Frishman
|
0-0: Swinging Strike 0-1: Foul Ball, location: 2F 0-2: Strikes out looking
|
|
Batting: RHB Jeff Doerr
|
0-0: Ball 1-0: Ball 2-0: Ball 3-0: Base on Balls
|
|
Batting: RHB Kevin Romine
|
0-0: Ball 1-0: Swinging Strike 1-1: Foul Ball, location: 2F 1-2: Foul Ball, location: 2F 1-2: Strikes out looking
|
| Top of the 9th over - 0 runs, 0 hits, 0 errors, 1 left on base; Bend 5 - Bellingham 9 |
|